Map: Romanticide LE

Players

Future

  • Race: Terran Terran

PiLiPiLi - Winner!

  • Race: Protoss Protoss
  • League: Grandmaster

Event: DreamHack SC2 Masters 2021 Summer

VOD

Have the link to the VOD?

Description

Time

  • Played on: May 27, 2021, 3:19 p.m.
  • Length: 12:13

All games in this series

Show
View Real Time Build Order
Export as new Build Order

Future Terran 

Build Orders:  

Get SALT Encoding   

  12  0:00  SCV  
  13  0:12  SCV  
  14  0:18  Supply Depot  
  14  0:24  SCV  
  15  0:40  Barracks  
  15  0:51  Barracks  
  15  0:55  SCV  
  16  1:07  SCV  
  16  1:08  Refinery  
  17  1:19  SCV  
  18  1:27  Marine  
  18  1:31  Orbital Command  
  19  1:38  Marine  
  20  1:41  Supply Depot  
  20  1:45  Marine  
  21  1:49  Bunker  
  21  1:56  Marine  
  21  1:58  SCV  
  23  2:11  Factory  
  23  2:15  SCV  
  24  2:19  Marine  
  25  2:22  Marine  
  25  2:27  SCV  
  24  2:38  Marine  
  24  2:39  SCV  
  24  2:40  Marine  
  25  2:51  SCV  
  26  2:55  Factory Tech Lab  
  26  3:00  Marine x2  
  26  3:05  Supply Depot  
  28  3:17  Siege Tank  
  31  3:26  SCV  
  32  3:27  Bunker  
  30  3:38  SCV  
  30  3:40  Supply Depot  
  31  3:42  Command Center  
  31  3:50  SCV  
  31  3:51  Cyclone  
  35  3:57  Barracks  
  35  4:07  SCV  
  35  4:09  Refinery  
  35  4:19  SCV  
  35  4:23  Barracks  
  37  4:31  SCV  
  37  4:43  SCV  
  38  4:50  Siege Tank  
  38  4:51  Barracks Tech Lab  
  38  4:52  Barracks Reactor  
  41  4:55  SCV  
  41  4:56  Orbital Command  
  41  5:07  SCV  
  41  5:11  Engineering Bay  
  41  5:12  Marine x2, Stimpack  
  44  5:19  SCV  
  46  5:30  Marine x2  
  46  5:33  Orbital Command, SCV  
  48  5:37  Marine  
  48  5:38  Marine  
  48  5:40  Terran Infantry Weapons Level 1  
  49  5:45  SCV  
  49  5:48  Marine  
  52  5:54  Starport  
  51  5:57  SCV  
  51  5:58  SCV  
  48  6:05  Marine  
  48  6:08  Marine  
  48  6:09  SCV  
  48  6:10  SCV  
  51  6:12  Marauder  
  51  6:15  Marauder  
  51  6:17  Factory Reactor  
  55  6:21  SCV  
  55  6:22  SCV  
  55  6:24  Combat Shield  
  56  6:33  SCV  
  56  6:34  SCV  
  56  6:35  Starport Reactor  
  56  6:36  Marine x2  
  56  6:39  Marauder  
  62  6:44  Supply Depot x2  
  62  6:45  SCV  
  62  6:46  SCV  
  64  6:48  Refinery  
  64  6:49  Refinery, Marine  
  64  6:54  Marine x2  
  65  6:57  Widow Mine, SCV  
  70  7:05  SCV  
  70  7:06  Widow Mine, Marine  
  70  7:07  Marine  
  75  7:10  SCV, Supply Depot  
  75  7:12  Marine x2  
  78  7:18  SCV  
  78  7:20  Medivac x2  
  78  7:22  SCV  
  84  7:24  Marine  
  85  7:30  SCV  
  85  7:31  Widow Mine x2  
  85  7:32  Supply Depot  
  85  7:33  Supply Depot  
  85  7:35  Marauder  
  90  7:38  Marine x2  
  90  7:41  Concussive Shells  
  92  7:46  Marauder  
  94  7:53  Medivac  
  94  7:56  Marauder  
  96  8:04  Widow Mine x2, Command Center  
  96  8:07  SCV x2  
  96  8:09  Marine x2  
  96  8:10  Marauder  
  102  8:13  Supply Depot  
  102  8:18  Marauder  
  104  8:24  SCV x2, Barracks  
  106  8:27  Barracks  
  106  8:29  Terran Infantry Armor Level 1  
  106  8:32  Widow Mine  
  106  8:33  Widow Mine  
  110  8:37  SCV  
  110  8:38  SCV  
  110  8:39  Marauder x2  
  110  8:40  Marine  
  117  8:51  Medivac x2, Supply Depot  
  117  8:52  SCV  
  117  8:54  SCV  
  123  9:04  SCV  
  123  9:05  Widow Mine  
  123  9:06  SCV  
  110  9:12  Marine  
  110  9:13  Marine x3  
  108  9:20  Marine  
  108  9:21  Marine  
  107  9:24  SCV  
  107  9:25  SCV  
  107  9:30  Widow Mine, Marine  
  110  9:33  Marine  
  99  9:48  SCV x2  
  100  9:52  Missile Turret  
  99  10:04  SCV  
  99  10:05  SCV  
  95  10:16  SCV  
  95  10:17  Marauder, Marine x5  
  95  10:18  Widow Mine  
  95  10:19  Widow Mine  
  95  10:21  Orbital Command, SCV  
  100  10:28  SCV  
  100  10:35  Marine x2  
  94  10:38  Marauder  
  94  10:39  Medivac  
  94  10:40  Widow Mine x2  
  102  10:44  SCV  
  102  10:45  SCV  
  101  10:54  Marine x3  
  101  10:55  Marine x2  
  106  11:00  Marauder  
  106  11:01  Ghost Academy  
  116  11:12  Viking x2  
  116  11:14  Marine x2  
  114  11:19  Barracks Tech Lab  
  114  11:20  Barracks Tech Lab  
  114  11:26  Command Center  
  114  11:31  Missile Turret x2  
  114  11:33  Marine, Missile Turret  
  117  11:45  Marine x3  
  124  11:51  Marine  
Show
View Real Time Build Order
Export as new Build Order

PiLiPiLi Protoss - Winner!

Build Orders:  

Get SALT Encoding   

  12  0:00  Probe  
  13  0:12  Probe  
  14  0:17  Pylon  
  14  0:24  Probe (Chrono Boost)  
  15  0:36  Gateway  
  15  0:37  Probe (Chrono Boost)  
  16  0:44  Probe (Chrono Boost)  
  17  0:50  Assimilator  
  17  0:51  Probe  
  18  1:03  Probe  
  19  1:15  Probe  
  20  1:26  Zealot  
  20  1:27  Probe, Cybernetics Core  
  23  1:34  Pylon  
  23  1:50  Nexus  
  23  1:55  Probe  
  24  2:02  Stalker (Chrono Boost)  
  24  2:03  Assimilator  
  24  2:08  Probe  
  27  2:14  Assimilator  
  27  2:21  Probe  
  26  2:25  Stalker  
  27  2:35  Probe  
  25  2:46  Warp Gate  
  25  2:47  Probe  
  26  2:55  Pylon  
  25  2:59  Probe  
  25  3:01  Probe  
  27  3:12  Probe  
  28  3:14  Probe  
  29  3:24  Probe (Chrono Boost)  
  29  3:27  Probe (Chrono Boost)  
  30  3:35  Probe (Chrono Boost)  
  30  3:36  Twilight Council  
  30  3:38  Probe (Chrono Boost)  
  30  3:40  Probe (Chrono Boost)  
  31  3:45  Probe  
  33  3:50  Probe  
  33  3:54  Gateway  
  34  3:59  Gateway  
  34  4:00  Probe  
  35  4:04  Probe  
  36  4:10  Shield Battery  
  36  4:12  Probe  
  36  4:13  Blink (Chrono Boost)  
  36  4:16  Probe  
  38  4:25  Probe, Assimilator  
  38  4:28  Probe  
  40  4:37  Stalker  
  40  4:47  Probe  
  40  4:51  Probe  
  42  4:53  Stalker x2  
  42  4:59  Probe  
  47  5:01  Nexus  
  47  5:03  Probe  
  48  5:08  Pylon  
  48  5:12  Probe  
  49  5:18  Probe  
  49  5:21  Pylon, Robotics Facility  
  50  5:24  Probe  
  50  5:26  Stalker  
  53  5:30  Probe  
  53  5:32  Stalker  
  56  5:36  Probe  
  56  5:39  Stalker  
  59  5:43  Probe  
  59  5:45  Gateway  
  59  5:49  Probe  
  61  5:51  Stalker  
  61  5:55  Charge  
  61  6:02  Probe  
  62  6:07  Stalker x2  
  62  6:09  Probe  
  62  6:11  Observer (Chrono Boost)  
  66  6:14  Probe, Stalker  
  69  6:20  Probe  
  69  6:21  Probe  
  69  6:22  Shield Battery  
  69  6:24  Forge  
  69  6:25  Observer  
  71  6:28  Probe  
  71  6:31  Stalker  
  71  6:32  Stalker  
  77  6:33  Probe  
  77  6:35  Probe  
  79  6:40  Probe  
  79  6:43  Protoss Ground Armor Level 1 (Chrono Boost)  
  79  6:46  Gateway  
  80  6:47  Gateway  
  80  6:48  Gateway  
  80  6:51  Immortal (Chrono Boost)  
  80  6:52  Observer  
  84  7:01  Observer  
  84  7:11  Probe, Pylon x3  
  84  7:13  Pylon  
  85  7:20  Pylon  
  85  7:33  Warp Prism (Chrono Boost)  
  85  7:34  Zealot x4  
  95  7:39  Dark Shrine  
  95  7:40  Gateway  
  95  7:42  Sentry  
  95  7:43  Zealot  
  99  7:45  Photon Cannon  
  99  7:47  Photon Cannon  
  99  7:48  Photon Cannon  
  99  7:57  Zealot x3  
  99  7:58  Zealot x2  
  109  8:05  Immortal (Chrono Boost)  
  105  8:09  Zealot x2  
  105  8:11  Observer  
  113  8:12  Pylon  
  113  8:21  Pylon  
  113  8:25  Zealot x5  
  113  8:26  Assimilator  
  123  8:35  Zealot x3  
  129  8:42  Protoss Ground Weapons Level 1 (Chrono Boost)  
  129  8:49  Pylon  
  129  8:51  Robotics Bay  
  127  9:06  Zealot x7  
  127  9:07  Zealot  
  100  9:27  Robotics Facility  
  100  9:28  Assimilator, Dark Templar  
  100  9:29  Zealot x3, Dark Templar  
  84  9:47  Colossus (Chrono Boost)  
  84  9:48  Extended Thermal Lance (Chrono Boost)  
  84  9:56  Zealot, Dark Templar  
  84  9:57  Zealot x4  
  96  10:05  Gateway  
  96  10:06  Gateway  
  82  10:21  Nexus  
  82  10:22  Zealot x3  
  82  10:23  Zealot x2  
  104  10:29  Colossus (Chrono Boost)  
  104  10:35  Colossus (Chrono Boost)  
  90  10:40  Zealot x2, Sentry  
  96  10:45  Probe x2  
  98  10:52  Zealot x5  
  108  10:57  Pylon  
  108  11:03  Warp Prism  
  110  11:12  Observer  
  110  11:13  Stalker x2, Sentry  
  110  11:14  Stalker x2  
  120  11:21  Probe x2  
  120  11:22  Probe  
  123  11:27  Photon Cannon  
  123  11:39  Observer (Chrono Boost)  
  123  11:44  Stalker x7  
Tags
 
Add a new tag
Caveats
  • Supply blocks, unpowered buildings, or Contaminate may cause inaccurate times.
  • Supply counts are checked every 10 seconds.